AoeStats
← [RAT] G0rm

Black Forest

507359805Analyzed
3v3 RM · 15d ago on Sep 17, 2026· 27m 19s· 6 players
Game mode
Random Map
Map size
Normal (6 player)
Population
200
Speed
Normal
Resources
Standard
Victory
Conquest
Starting age
Dark Age
Ending age
Imperial Age
RankedLock teamsTeams togetherTeam positionsShared explorationLock speedFull tech treeHidden civsTurbo modeCheats
Victory
Defeat
🇭🇺 Persians · Hungary
1504
+15
🇺🇸 Teutons · United States
1458
+17
🇦🇺 Aztecs · Australia
1361
+21
🇷🇴 Shu · Romania
1522
-19
🇳🇱 Turks · Netherlands
1509
-19
🇷🇴 Bengalis · Romania
1418
-15
Boga
1:00 Loom
14:15 Feudal Age
14:42 Double-Bit Axe
20:38 Castle Age
18:50 Horse Collar
23:36 Fletching
24:14 Padded Archer Armor
24:10 Elite Skirmisher
26:37 Leather Archer Armor
Danilo Solari
2:08 Loom
9:30 Feudal Age
10:17 Double-Bit Axe
13:39 Fletching
28:41 Castle Age
Bl++d
3:24 Loom
11:22 Feudal Age
16:21 Castle Age
14:33 Double-Bit Axe
15:55 Fishing Lines
18:12 Scale Barding Armor
20:28 Bloodlines
20:19 Husbandry
24:36 Chain Barding Armor
25:26 Gillnets
[RAT] Havik_AoE
12:30 Feudal Age
13:32 Loom
16:18 Castle Age
14:46 Double-Bit Axe
14:41 Horse Collar
14:47 Horse Collar
25:34 Imperial Age
24:05 Town Watch
[RAT] G0rm
0:47 Loom
11:20 Feudal Age
24:53 Wheelbarrow
24:36 Double-Bit Axe
Mihail
0:50 Loom
15:21 Feudal Age
17:16 Fletching
20:22 Double-Bit Axe
25:54 Castle Age
24:09 Horse Collar
24:52 Padded Archer Armor
25:21 Gold Mining
25:57 Crossbowman
26:33 Bodkin Arrow
Connection lost

Rejoining the realm…

Still unreachable

The connection could not be restored.

Session expired

The server has moved on; the page needs a fresh start.